details: 'VELOX_NEB vs Keitaro_10'

« prev index next »

General information

Mini Map

Players

team 1
OrcKeitaro_10 (teal | 75 APM | 1016 actions | 13:36)
Hero icon 4 Blademaster
Ability icon 2 Wind Walk
Ability icon 2 Critical Strike
Hero icon 3 Shadow Hunter
Ability icon 1 Hex
Ability icon 2 Healing Wave

» actions
Assign group hotkey11
Build / train62
Enter build submenu12
Enter hero's abilities submenu7
Give item / drop item1
Remove unit from queue2
Right click592
Select / deselect259
Select group hotkey3
Use ability67
1016 total
» units
Peon10
Grunt11
Spirit Walker2
Raider4
Kodo Beast2
29 total
» upgrades
Ensnare1
Spirit Walker Training1
Berserker Strength1
Pillage1
Melee Weapons2
Armor1
Spiked Barricades1
Ranged Weapons0
Shaman Training1
Witch Doctor Training1
10 total
» buildings
Altar of Storms1
Orc Burrow4
Barracks1
Stronghold1
Voodoo Lounge1
Spirit Lodge1
Beastiary1
War Mill1
Great Hall1
Fortress1
13 total
» build order
00:04 Altar of Storms
00:18 Orc Burrow
00:33 Barracks
02:09 Stronghold
02:31 Orc Burrow
02:35 Voodoo Lounge
03:03 Orc Burrow
04:33 Spirit Lodge
04:52 Beastiary
05:10 Orc Burrow
07:51 War Mill
12:23 Great Hall
12:26 Fortress
» items
Scroll of Town Portal1
Scroll of Speed1
Lesser Clarity Potion2
Healing Salve1
5 total
team 2
OrcVELOX_NEB (green | 86 APM | 1167 actions | 13:38)
Hero icon 3 Tauren Chieftain
Ability icon 2 War Stomp
Ability icon 1 Endurance Aura
Hero icon 2 Shadow Hunter
Ability icon 1 Hex
Ability icon 1 Healing Wave
Hero icon 2 Blademaster
Ability icon 1 Wind Walk
Ability icon 1 Critical Strike

» actions
Assign group hotkey27
Basic commands53
Build / train53
ESC pressed1
Enter build submenu17
Enter hero's abilities submenu7
Give item / drop item4
Right click503
Select / deselect220
Select group hotkey200
Use ability82
1167 total
» units
Peon12
Grunt12
Wind Rider1
25 total
» upgrades
Pillage1
Melee Weapons1
Spiked Barricades1
Berserker Strength1
4 total
» buildings
Altar of Storms1
Orc Burrow5
Barracks2
Voodoo Lounge2
Great Hall1
War Mill1
Stronghold1
Watch Tower2
Fortress1
Spirit Lodge1
Beastiary1
18 total
» build order
00:08 Altar of Storms
00:22 Orc Burrow
00:36 Barracks
01:28 Voodoo Lounge
02:56 Great Hall
03:05 Orc Burrow
03:24 War Mill
04:41 Stronghold
05:16 Orc Burrow
05:46 Watch Tower
05:47 Watch Tower
07:36 Fortress
09:24 Barracks
09:26 Orc Burrow
09:49 Spirit Lodge
10:27 Beastiary
12:30 Voodoo Lounge
13:00 Orc Burrow
» items
Healing Salve3
Lesser Clarity Potion2
Scroll of Speed2
Potion of Healing2
Potion of Mana2
Orb of Lightning1
12 total